 Dungeon Crawl Stone Soup version 0.29.1-2-gbd0b4ee654 (webtiles) character file.

Game seed: 13879455512664276334

1042 Nerdsrcool the Insei (level 8, 0/58 HPs)
             Began as a Djinni Transmuter on Nov 4, 2022.
             Slain by a gnoll sergeant
             ... wielding a +0 spear
              (8 damage)
             ... on level 6 of the Dungeon.
             The game lasted 00:52:39 (8283 turns).

Nerdsrcool the Insei (Djinni Transmuter)            Turns: 8283, Time: 00:52:39

Health: 0/58       AC:  4    Str: 17    XL:     8   Next: 49%
Gold:   942        EV: 16    Int: 14    God:
                   SH:  0    Dex: 22

rFire   + + .      SeeInvis .   s - +7 falchion of Righteous Anger {drain, Dex+7}
rCold   . . .      Faith    .   (no shield)
rNeg    . . .      Spirit   .   y - +1 robe {rF+}
rPois   ∞          Reflect  .   (helmet currently unavailable)
rElec   .          Harm     .   (no cloak)
rCorr   .          Rampage  .   d - +0 pair of gloves
Will    .....                   (boots unavailable)
Stlth   ++........              (no amulet)
HPRegen 0.19/turn               G - +6 ring of strength
MPRegen 0.00/turn               v - ring of ice

@: appendages (expiring), wereblooded, flying
A: horns 2, flying, sickness immunity, fire resistance 2, cold vulnerability 1,
float, innate caster, HP casting, extra vitality 1
a: End Transformation


You were on level 6 of the Dungeon.
You had temporarily grown beastly horns.
You visited 1 branch of the dungeon, and saw 6 of its levels.
You also visited: Sewer.

You collected 942 gold pieces.

Inventory:

Hand Weapons
 g - a +0 short sword
 s - the +7 falchion of Righteous Anger (weapon) {drain, Dex+7}
   (You found it on level 2 of the Dungeon)

   A truly terrible weapon, it drains the life of any living foe it strikes.
   Dex:       It affects your dexterity (+7).
 E - a +5 rapier of speed
Armour
 a - a +0 robe
 c - a +0 scale mail
 d - a +0 pair of gloves (worn)
 j - a +0 hat (melded)
 m - the +3 kite shield "Veuga" {rN++}
   (You acquired it on level 5 of the Dungeon)

   rN:        It greatly protects you from negative energy.
 y - a +1 robe of fire resistance (worn)
 C - a +0 chain mail of fire resistance
Jewellery
 h - an amulet of guardian spirit
 l - a ring of resist corrosion
 r - a ring of magical power
 v - a ring of ice (right hand)
 z - a +6 ring of strength
 G - a +6 ring of strength (left hand)
Wands
 w - a wand of mindburst (8)
 F - a wand of flame (17)
Scrolls
 k - a scroll of blinking {unknown}
 n - 2 scrolls of fear
 o - a scroll of vulnerability
 u - 2 scrolls of enchant armour {unknown}
 A - a scroll of magic mapping {unknown}
 B - a scroll of amnesia {unknown}
 H - 2 scrolls of summoning {unknown}
 I - a scroll of poison {unknown}
 J - a scroll of torment {unknown}
 K - a scroll of teleportation
Potions
 b - a potion of lignification
 e - a potion of ambrosia {unknown}
 f - 3 potions of mutation {unknown}
 i - a potion of magic {unknown}
 p - 4 potions of curing
 q - a potion of flight {unknown}
 t - 4 potions of heal wounds {unknown}
 x - a potion of degeneration {unknown}
 D - 2 potions of cancellation {unknown}
 L - a potion of brilliance {unknown}


   Skills:
 + Level 4.6 Fighting
 + Level 5.5 Dodging
 + Level 5.5 Unarmed Combat
 + Level 3.8 Spellcasting


You couldn't memorise any spells.
You knew the following spells:

 Your Spells              Type           Power      Damage    Failure   Level
a - Beastly Appendage     Tmut           26%        N/A       4%          1
b - Wereblood             Tmut           13%        N/A       6%          2
c - Spider Form           Tmut/Pois      13%        N/A       12%         3
d - Ice Form              Ice/Tmut       19%        N/A       38%         4
e - Sandblast             Erth           26%        2d8       4%          1
f - Call Imp              Summ           13%        N/A       6%          2
g - Swiftness             Air            13%        N/A       12%         3
Your spell library was empty.

Dungeon Overview and Level Annotations

Branches:
Dungeon (6/15)             Temple (0/1) D:5           Sewer (visited)

Altars:
Qazlal
Xom
Zin

Shops:
D:1 [


Innate Abilities, Weirdness & Mutations

You have temporarily grown beastly horns.
You are flying.
You are immune to sickness and miasma.
You are immune to poison.
Your flesh is very heat resistant. (rF++)
You are vulnerable to cold. (rC-)
You float through the air rather than walking.
You learn spells naturally, not from books.
Your magical power is your life essence.
You have superior vitality. (+4 MHP)


Message History

The gnoll completely misses you. The gnoll closely misses you.
You howl as the wereblood boils in your veins!
Your transformation is almost over.
You hear a shout!
Your crimson imp hits the gnoll sergeant but does no damage.
Read: 3 scrolls of fear
Press: ? - help, Q - select action, (/) - cycle Dir - look around, f - activate Look: a gnoll, wielding a +0 club (severely wounded, chance to affect: 98%)
As you read the scroll of fear, it crumbles to dust.
You assume a fearsome visage.
The gnoll sergeant looks frightened!
The gnoll looks frightened! x2
The orc looks frightened!
The gnoll closely misses your crimson imp.
Aiming: Mindburst
Press: ? - help, Q - select action, (/) - cycle Shift-Dir - straight line, f - gnoll sergeant, p - gnoll
Aim: a gnoll sergeant, wielding a +0 spear and wearing a +0 ring mail (moderately wounded, fleeing, ally target, chance to affect: 64%)
Your attack snaps the gnoll sergeant out of its fear.
The gnoll sergeant's mind is blasted!
Your crimson imp hits the gnoll sergeant.
The gnoll hits your crimson imp with a +0 spear.
Aiming: Throw Flame
Press: ? - help, Q - select action, (/) - cycle Shift-Dir - straight line, f/p - gnoll sergeant
Aim: a gnoll sergeant, wielding a +0 spear and wearing a +0 ring mail (almost dead, 77% to hit)
The puff of flame hits the gnoll sergeant.
The gnoll sergeant is almost dead.
Your crimson imp closely misses the gnoll.
The gnoll sergeant completely misses you.
The gnoll hits your crimson imp with a +0 spear.
Casting: Wereblood (safe; 6% risk of failure)
Press: ? - help, Q - select action, (/) - cycle Dir - look around, f - activate
Okay, then.
Aiming: Sandblast (safe; 4% risk of failure)
Press: ? - help, Q - select action, (/) - cycle Shift-Dir - straight line, f/p - gnoll sergeant
Aim: a gnoll sergeant, wielding a +0 spear and wearing a +0 ring mail (almost dead, 87% to hit)
The blast of sand hits the gnoll sergeant but does no damage.
The gnoll sergeant is almost dead.
* * * LOW HITPOINT WARNING * * *
Your crimson imp hits the gnoll but does no damage.
The gnoll sergeant hits you from afar with a +0 spear!
You die...

#......####.........##.....#
...#.....#..................
..........................#
..##~~~~~##.........#.....#.
#.##~~~~≈##...##.##.........
..~~.....~~~..####..##....#
..~~.....≈≈..#####........#
.....~...~~.........####..#
..~~.....~~.##..@...# ##
..~≈.....≈~.#...#.gg#
..##~≈~~~##.#..###g5#
..##~~.~~##.... ......
............... #........
#...##......... #........
##.####...... ......o.. ##
...#.. ....... .^.....


You could see a gnoll sergeant, 2 gnolls, an orc (fleeing) and a friendly
crimson imp (summoned).

Vanquished Creatures
  Duvessa (D:5)
  A water moccasin (D:5)
  A necrophage (D:5)
  Dowan (D:5)
  3 quasits (D:4)
  3 hounds (D:5)
  3 iguanas
  6 gnolls
  5 river rats (Sewer)
  9 adders
  3 shadow imps (D:4)
  3 white imps
  An ufetubus (D:6)
  5 worms
  3 dart slugs
  An orc (D:5)
  14 ball pythons
  6 bats
  An endoplasm (D:1)
  3 giant cockroaches
  7 goblins
  10 hobgoblins
  7 jackals
  3 quokkas
  5 frilled lizards
  9 kobolds
  6 rats
120 creatures vanquished.

Vanquished Creatures (collateral kills)
  A scorpion (D:4)
  A quasit (D:4)
  An ufetubus (D:4)
  A worm (D:3)
  An orc (D:5)
  2 endoplasms
  A giant cockroach (D:3)
  A hobgoblin (D:3)
  A jackal (Sewer)
  2 ball pythons
  A bat (D:3)
13 creatures vanquished.

Vanquished Creatures (others)
  11 demonic plants (D:3)
  4 fungi (D:3)
  16 plants
  3 withered plants (D:3)
34 creatures vanquished.

Grand Total: 167 creatures vanquished

Notes
Turn   | Place    | Note
-------+----------+-------------------------------------------
     0 | D:1      | Nerdsrcool the Djinni Transmuter began the quest for the
                  | Orb.
     0 | D:1      | Nerdsrcool set off with the following spells memorised:
                  | Beastly Appendage, Wereblood, Spider Form, Ice Form.
     0 | D:1      | Reached XP level 1. HP: 17/17 MP: 0/0
   450 | D:1      | Reached XP level 2. HP: 16/22 MP: 0/0
   770 | D:1      | Reached XP level 3. HP: 11/27 MP: 0/0
   770 | D:1      | Learned a level 1 spell: Sandblast
  1206 | D:1      | Found Tiyff's Armour Boutique.
  1860 | D:1      | Reached XP level 4. HP: 25/33 MP: 0/0
  2902 | D:2      | Identified the +7 falchion of Righteous Anger {drain,
                  | Dex+7}
  3054 | D:2      | Found a shimmering altar of Xom.
  3544 | D:2      | Identified a scroll of acquirement
  3546 | D:2      | Acquired 621 gold pieces
  3565 | D:3      | Reached XP level 5. HP: 37/38 MP: 0/0
  3565 | D:3      | Learned a level 2 spell: Call Imp
  3880 | D:3      | Found a faded altar of an unknown god.
  4342 | D:3      | Found a glowing silver altar of Zin.
  4540 | D:4      | Reached XP level 6. HP: 25/45 MP: 0/0
  4791 | D:4      | Found a stormy altar of Qazlal.
  4797 | D:4      | Noticed a water elemental
  5412 | D:4      | Noticed an air elemental
  5413 | D:4      | Noticed a fire elemental
  5795 | D:4      | Reached XP level 7. HP: 47/50 MP: 0/0
  5795 | D:4      | Learned a level 3 spell: Swiftness
  6023 | D:5      | Entered Level 5 of the Dungeon
  6263 | D:5      | Acquired the +3 kite shield "Veuga" {rN++}
  6327 | D:5      | Found a staircase to the Ecumenical Temple.
  6447 | D:5      | Noticed Duvessa
  6448 | D:5      | Noticed Dowan
  6459 | D:5      | Killed Duvessa
  6460 | D:5      | Reached skill level 5 in Unarmed Combat
  6465 | D:5      | Killed Dowan
  6466 | D:5      | Reached skill level 5 in Dodging
  6466 | D:5      | Reached XP level 8. HP: 4/58 MP: 0/0
  7425 | D:6      | Found a glowing drain.
  7502 | Sewer    | Entered a sewer
  8283 | D:6      | Slain by a gnoll sergeant

Illustrated notes

Levels and vault maps discovered:
D:1:      giann_wishing_wells, layout_loops_corners, serial_shops,
          nicolae_shop_statue_plus, minmay_tree_intersection, solitary_fountain
D:2:      layout_basic, basic_altar
D:3:      layout_rooms, zin_academy, shapermc_ecumenical_altar_gd
D:4:      layout_gridville, nicolae_qazlal_style_of_elements, serial_demonic,
          serial_demonic_f, serial_demonic_c, serial_demonic_e, serial_demonic_f
D:5:      layout_basic, temple_doors_e, uniq_duvessa
D:6:      layout_cave_pools, minitemple, kennysheep_mini,
          cheibrodos_sewer_entry_sluice, nicolae_shop_overcharged_wands

Skill      XL: |  1  2  3  4  5  6  7 |
---------------+----------------------+-----
Spellcasting   | 2 3 |  3.8
Fighting       | 2 3 4 |  4.6
Dodging        | 3 4 5 |  5.5
Unarmed Combat | 4 5 |  5.5

Action                   |  1- 3 |  4- 6 |  7- 9 || total
-------------------------+-------+-------+-------++-------
Melee: Unarmed           |    35 |       |       ||    35
       Headbutt          |     8 |     5 |     8 ||    21
       Short sword       |    39 |     6 |       ||    45
       Falchion          |       |    36 |    96 ||   132
       Punch             |       |     3 |     6 ||     9
 Cast: Beastly Appendage |    19 |    20 |    12 ||    51
       Wereblood         |     1 |     1 |     3 ||     5
       Sandblast         |    24 |    65 |    37 ||   126
       Call Imp          |       |    15 |     8 ||    23
       Swiftness         |       |       |     1 ||     1
Evoke: Wand              |       |     5 |     4 ||     9
  Use: Scroll            |       |     4 |     6 ||    10
       Potion            |       |       |     1 ||     1
Armor: Robe              |    10 |    27 |    17 ||    54
Dodge: Dodged            |    42 |    97 |    63 ||   202
Block: Kite shield       |       |       |     5 ||     5
